 Dungeon Crawl Stone Soup version 0.22.1-1-ga44c0e5 (webtiles) character file.

3326 stormannn the Grappler (level 10, -1/74 HPs)
             Began as a Barachi Chaos Knight on Oct 14, 2018.
             Slain by an ice beast (6 damage)
             ... on level 8 of the Dungeon.
             The game lasted 00:27:56 (8932 turns).

stormannn the Grappler (Barachi Chaos Knight)       Turns: 8932, Time: 00:27:57

Health: -1/74      AC:  7    Str: 18      XL:     10   Next: 2%
Magic:  16/16      EV: 15    Int: 17 (18) God:    Xom [....*.]
Gold:   336        SH:  4    Dex: 15 (16) Spells: 12/17 levels left

rFire    + + .     SeeInvis .   s - +8 halberd of the Vestibule of Hell {chaos, rN+ MR+}
rCold    . . .     Gourm    .   (shield currently unavailable)
rNeg     + . .     Faith    .   b - +2 leather armour
rPois    .         Spirit   .   (helmet restricted)
rElec    .         Reflect  +   f - scarf {rC+ rF+}
rCorr    .         Harm     .   (no gloves)
MR       ++++.                  w - +0 pair of boots
Stlth    +.........             B - +4 amulet of reflection
HPRegen  0.22/turn              D - +4 ring of intelligence
MPRegen  0.15/turn              j - ring of Xeis {Fire MR+ Str+3}

@: slow
A: +LOS, swims, claws 1, horns 1, iridescent scales 1, agile 1, clever 1,
deformed body, magic resistance 2, slowness 1, sturdy frame 1, strong legs 1
a: Hop, Renounce Religion


You were on level 8 of the Dungeon.
You worshipped Xom.
You were a beloved toy of Xom.
You were not hungry.

You visited 1 branch of the dungeon, and saw 9 of its levels.

You collected 336 gold pieces.

Inventory:

Hand Weapons
 a - a +0 spear of chaos
 s - the +8 halberd of the Vestibule of Hell (weapon) {chaos, rN+ MR+}
   (Xom gifted it to you on level 7 of the Dungeon)

   Each time it hits an enemy it has a different, random effect.
   It protects you from negative energy.
   It affects your resistance to hostile enchantments.
 v - a +1 halberd of chaos
Missiles
 H - 43 arrows
Armour
 b - a +2 leather armour (worn)
 f - a scarf of resistance (worn)
 w - a +0 pair of boots (worn)
 M - a +0 shield
Jewellery
 h - an uncursed ring of flight
 j - the ring of Xeis (right claw) {Fire MR+ Str+3}
   (Xom gifted it to you on level 7 of the Dungeon)

   [ring of fire]

   It enhances your fire magic.
   It affects your strength (+3).
   It protects you from fire.
   It makes you vulnerable to cold.
   It affects your resistance to hostile enchantments.
 m - a +5 ring of intelligence
 B - a +4 amulet of reflection (around neck)
 D - a +4 ring of intelligence (left claw)
 J - an uncursed ring of protection from magic
Wands
 t - a wand of flame (24)
 x - a wand of paralysis (13)
 L - a wand of random effects (16)
Scrolls
 d - 2 scrolls of amnesia {unknown}
 g - a scroll of immolation {unknown}
 i - 2 scrolls of magic mapping {unknown}
 k - 2 scrolls of fear {unknown}
 n - 8 scrolls of identify {unknown}
 o - a scroll of blinking {unknown}
 p - 3 scrolls of teleportation {unknown}
 q - a scroll of noise {unknown}
 A - 4 scrolls of enchant weapon {unknown}
 E - 6 scrolls of remove curse {unknown}
Potions
 e - a potion of cancellation
 l - a potion of degeneration
 r - 2 potions of ambrosia
 G - a potion of magic
Comestibles
 c - 16 rations


   Skills:
 - Level 5.3 Fighting
 * Level 6.6 Polearms
 - Level 5.4 Armour
 - Level 5.4 Dodging
 - Level 8.0 Unarmed Combat
 - Level 4.0 Spellcasting
 - Level 4.0 Hexes
 - Level 4.0 Transmutations


You had 12 spell levels left.
You knew the following spells:

 Your Spells              Type           Power        Failure   Level  Hunger
a - Beastly Appendage     Tmut           ###...       3%          1    None
b - Confusing Touch       Hex            ###...       3%          1    None
c - Confuse               Hex            ###.....     10%         3    ###....

Your spell library contained the following spells:

 Spells                   Type           Power        Failure   Level  Hunger
 Sticks to Snakes         Tmut           ###.....     4%          2    ##.....
 Animate Skeleton         Necr           N/A          16%         1    None
 Apportation              Tloc           #.....       16%         1    None
 Summon Small Mammal      Summ           #...         16%         1    None
 Spider Form              Tmut/Pois      ##........   22%         3    ###....
 Gell's Gravitas          Tloc           #.........   43%         3    ###....
 Ice Form                 Ice/Tmut       ##......     56%         4    ####...
 Petrify                  Tmut/Erth      ##......     56%         4    ####...
 Blade Hands              Tmut           ###.......   65%         5    ######.
 Yara's Violent Unravell  Hex/Tmut       ###.......   65%         5    ######.
 Metabolic Englaciation   Hex/Ice        ##........   89%         5    ######.


Dungeon Overview and Level Annotations

Branches:
Dungeon (9/15)             Temple (0/1) D:7            Lair (0/6) D:8
    Orc: D:9-12

Altars:
Cheibriados
Dithmenos
Elyvilon
Gozag
Hepliaklqana
Kikubaaqudgha
Makhleb
Okawaru
Trog
Uskayaw
Xom
The Shining One

Shops:
D:4 =


Innate Abilities, Weirdness & Mutations

Shadows flee at your approach. (+LOS)
You can swim through water.
You cover ground slowly.
You can hop short distances.
You have sharp fingernails.
You have a pair of small horns on your head.
You are partially covered in iridescent scales. (AC +2)
You are agile. (Dex +2)
Your mind is acute. (Int +2)
Armour fits poorly on your strangely shaped body.
You are highly resistant to hostile enchantments. (MR++)
Your movements are slightly less encumbered by armour. (ER -2)


Message History

The ice beast is heavily wounded.
The slave hits you.
* * * LOW HITPOINT WARNING * * *
The ice beast hits you.
* * * LOW HITPOINT WARNING * * *
The ice beast freezes you!
* * * LOW HITPOINT WARNING * * *
The slave closely misses you.
Okay, then.
Evoke which item? (* to show all) (? for menu, Esc to quit)
Aiming: Throw Flame
Press: ? - help, Shift-Dir - straight line, f - ice beast
Aim: an ice beast (heavily wounded, slow)
The puff of flame hits the ice beast.
The ice beast melts!
The ice beast is almost dead.
The ice beast hits you.
* * * LOW HITPOINT WARNING * * *
The ice beast freezes you.
You die...
Xom is highly amused!

..........# #
..........# .##
........... ..
..........#..
..........#. ####
........../ .....
..........#......
........Y........
........@.#
.........p#
..........#
..........#
..........#
%.........# .
..........# ..
.........?. ...
...........


You could see an ice beast and a slave.

Vanquished Creatures
  3 hippogriffs
  Edmund (D:5)
  3 ice beasts
  2 orc warriors
  An ogre (D:7)
  2 centaurs
  A wyvern zombie (D:7)
  2 bullfrogs
  A wyvern skeleton (D:7)
  5 crimson imps
  A centaur zombie (D:6)
  A quasit (D:6)
  2 centaur skeletons
  Crazy Yiuf (D:4)
  2 hounds
  A bullfrog skeleton (D:8)
  An iguana (D:6)
  6 orc wizards
  5 worker ants
  A hound zombie (D:7)
  2 hound skeletons
  4 gnolls (D:6)
  15 adders
  4 shadow imps
  An ufetubus (D:6)
  2 oozes
  An adder zombie (D:6)
  An adder skeleton (D:5)
  4 dart slugs
  4 worms
  5 leopard geckos
  19 orcs
  6 giant cockroaches
  10 goblins
  10 hobgoblins
  4 jackals
  2 quokkas (D:4)
  A ball python (D:6)
  3 bats
  4 frilled lizards
  A jackal skeleton (D:4)
  5 kobolds
  A leopard gecko skeleton (D:5)
  A leopard gecko zombie (D:7)
  6 rats
  4 fungi (D:4)
162 creatures vanquished.

Vanquished Creatures (collateral kills)
  A death yak (D:7)
  A worm (D:3)
2 creatures vanquished.

Vanquished Creatures (others)
  A centaur (D:6)
  An adder (D:4)
2 creatures vanquished.

Grand Total: 166 creatures vanquished

Notes
Turn   | Place    | Note
-------+----------+-------------------------------------------
     0 | D:1      | stormannn the Barachi Chaos Knight began the quest for the
                  | Orb.
     0 | D:1      | Reached XP level 1. HP: 18/18 MP: 1/1
    77 | D:1      | XOM: divination: magic mapping
   189 | D:1      | Reached XP level 2. HP: 25/25 MP: 2/2
   544 | D:2      | Reached XP level 3. HP: 29/30 MP: 3/3
   569 | D:2      | XOM: harmless Necr miscast
   574 | D:2      | Found a bloodstained altar of Trog.
   629 | D:2      | XOM: potion effect (agility)
   660 | D:2      | XOM: harmless Pois miscast
   805 | D:2      | XOM: noise
   814 | D:2      | Reached XP level 4. HP: 34/37 MP: 4/4
  1258 | D:3      | Found a faded altar of an unknown god.
  1441 | D:3      | Found a burning altar of Makhleb.
  1455 | D:3      | XOM: harmless Air miscast
  1470 | D:3      | Reached XP level 5. HP: 33/42 MP: 5/5
  1474 | D:3      | Found a hazy altar of Hepliaklqana.
  1580 | D:3      | XOM: silly message
  1630 | D:3      | Noticed an ice beast
  1773 | D:3      | Killed an ice beast
  1773 | D:3      | Reached XP level 6. HP: 22/48 MP: 6/6
  2354 | D:4      | Paralysed by something for 2 turns
  2398 | D:4      | Found Gaak's Jewellery Boutique.
  2447 | D:4      | XOM: smoke on damage
  2591 | D:4      | Noticed an orc warrior
  2603 | D:4      | Killed an orc warrior
  2603 | D:4      | Reached XP level 7. HP: 34/55 MP: 7/7
  2735 | D:4      | XOM: potion effect (invisibility)
  2749 | D:4      | Reached skill level 5 in Dodging
  2750 | D:4      | Reached skill level 5 in Polearms
  2889 | D:4      | Reached skill level 5 in Armour
  2986 | D:4      | Found a runed door.
  3214 | D:4      | XOM: god gift: runed halberd {god gift}
  3413 | D:4      | Noticed Crazy Yiuf
  3424 | D:4      | Killed Crazy Yiuf
  3723 | D:5      | Entered Level 5 of the Dungeon
  3748 | D:5      | Found a snail-covered altar of Cheibriados.
  3787 | D:5      | Reached skill level 5 in Fighting
  3830 | D:5      | Reached XP level 8. HP: 46/62 MP: 8/8
  4081 | D:5      | Learned a level 1 spell: Beastly Appendage
  4083 | D:5      | Learned a level 1 spell: Confusing Touch
  4218 | D:5      | Found an opulent altar of Gozag.
  4221 | D:5      | Found an ancient bone altar of Kikubaaqudgha.
  4222 | D:5      | Found a white marble altar of Elyvilon.
  4222 | D:5      | Found a hide-covered altar of Uskayaw.
  4223 | D:5      | Found a glowing golden altar of the Shining One.
  4224 | D:5      | Found a shadowy altar of Dithmenos.
  4251 | D:5      | XOM: scenery: create altars
  4348 | D:5      | Noticed Edmund
  4360 | D:5      | Killed Edmund
  4360 | D:5      | Reached skill level 1 in Unarmed Combat
  4360 | D:5      | Reached skill level 1 in Spellcasting
  4681 | D:5      | XOM: summons friendly shadow imp
  4686 | D:5      | Reached skill level 1 in Hexes
  4686 | D:5      | Reached skill level 1 in Transmutations
  4754 | D:5      | Reached skill level 2 in Unarmed Combat
  4886 | D:5      | XOM: medium Ice miscast
  5035 | D:5      | XOM: scenery: create altars
  5056 | D:5      | XOM: give mutations
  5056 | D:5      | Gained mutation: Your flesh is cold resistant. (rC+) [Xom's
                  | grace]
  5056 | D:5      | Gained mutation: You are agile. (Dex +2) [Xom's grace]
  5229 | D:6      | XOM: 9-stop teleportation journey
  5275 | D:6      | Reached skill level 3 in Unarmed Combat
  5683 | D:6      | XOM: smoke on damage
  5822 | D:6      | XOM: polymorph shadow imp -> ufetubus
  5906 | D:6      | Reached skill level 4 in Unarmed Combat
  5906 | D:6      | Reached XP level 9. HP: 68/68 MP: 14/14
  6355 | D:7      | Found a staircase to the Ecumenical Temple.
  6480 | D:7      | XOM is BORED!
  6480 | D:7      | XOM: mild Tloc miscast
  6566 | D:7      | Found an iron altar of Okawaru.
  6711 | D:7      | XOM: summons 2 hostile shadow creatures
  6716 | D:7      | HP: 1/68 [hippogriff (8)]
  6717 | D:7      | Reached skill level 5 in Unarmed Combat
  6723 | D:7      | Lost mutation: You are agile. (Dex +2) [potion of mutation]
  6723 | D:7      | Lost mutation: Your flesh is cold resistant. (rC+) [potion
                  | of mutation]
  6723 | D:7      | Gained mutation: Your mind is acute. (Int +2) [potion of
                  | mutation]
  6723 | D:7      | Gained mutation: You are partially covered in iridescent
                  | scales. (AC +2) [potion of mutation]
  6789 | D:7      | XOM: mild Ice miscast
  6831 | D:7      | XOM: god gift: smoking steel ring {god gift}
  6998 | D:7      | Got a smoking steel ring {god gift}
  7398 | D:7      | Identified the ring of Xeis {Fire MR+ Str+3} (Xom gifted it
                  | to you on level 7 of the Dungeon)
  7403 | D:7      | Learned a level 3 spell: Confuse
  7444 | D:8      | XOM: summons friendly ufetubus
  7446 | D:8      | XOM: smoke on damage
  7619 | D:8      | XOM: confuse monster(s)
  7650 | D:8      | XOM: give mutation
  7650 | D:8      | Gained mutation: Armour fits poorly on your strangely
                  | shaped body. [Xom's mischief]
  7703 | D:8      | XOM: confusion
  7706 | D:8      | XOM: harmless Tloc miscast
  7708 | D:8      | XOM: polymorph wyvern -> fire bat
  8048 | D:8      | Noticed a death yak
  8072 | D:8      | XOM: enchant monster (good)
  8077 | D:8      | Noticed a death yak
  8077 | D:8      | Noticed a death yak
  8078 | D:8      | Noticed a death yak
  8078 | D:8      | Noticed a death yak
  8078 | D:8      | Noticed a death yak
  8080 | D:8      | Noticed a death yak
  8080 | D:8      | Found a staircase to the Lair.
  8092 | D:7      | XOM: potion effect (berserk rage)
  8099 | D:7      | XOM: scenery: create altars
  8105 | D:7      | HP: 4/102 [death yak (14)]
  8107 | D:7      | XOM: summons 2 friendly demons
  8109 | D:7      | Killed a death yak
  8109 | D:7      | Reached skill level 8 in Unarmed Combat
  8206 | D:7      | XOM: god gift: 4 rations
  8332 | D:7      | XOM: god gift: translucent halberd {god gift}
  8333 | D:7      | Got a translucent halberd {god gift}
  8404 | D:7      | Identified the +8 halberd of the Vestibule of Hell {chaos,
                  | rN+ MR+} (Xom gifted it to you on level 7 of the Dungeon)
  8420 | D:7      | XOM: divination: detect items
  8427 | D:7      | XOM: divination: detect creatures
  8740 | D:7      | XOM: give mutations
  8740 | D:7      | Gained mutation: You are agile. (Dex +2) [Xom's grace]
  8740 | D:7      | Gained mutation: You are resistant to hostile enchantments.
                  | (MR+) [Xom's grace]
  8740 | D:7      | Gained mutation: You have sharp fingernails. [Xom's grace]
  8740 | D:7      | Gained mutation: You are highly resistant to hostile
                  | enchantments. (MR++) [Xom's grace]
  8798 | D:7      | XOM: give mutations
  8798 | D:7      | Gained mutation: You have a pair of small horns on your
                  | head. [Xom's grace]
  8798 | D:7      | Gained mutation: Your movements are slightly less
                  | encumbered by armour. (ER -2) [Xom's grace]
  8928 | D:8      | Reached XP level 10. HP: 32/74 MP: 16/16
  8932 | D:8      | Slain by an ice beast

Skill      XL: |  1  2  3  4  5  6  7  8  9 |
---------------+----------------------------+-----
Armour         | 3 4 5 |  5.4
Dodging        | 2 3 4 5 |  5.4
Fighting       | 4 5 |  5.3
Polearms       | 4 5 6 |  6.6
Unarmed Combat | 4 8 |  8.0
Spellcasting   | 3 4 |  4.0
Hexes          | 2 4 |  4.0
Transmutations | 2 4 |  4.0

Action                   |  1- 3 |  4- 6 |  7- 9 | 10-12 || total
-------------------------+-------+-------+-------+-------++-------
Melee: Spear             |   107 |   217 |    95 |       ||   419
       Halberd           |       |       |   294 |     3 ||   297
       Unarmed           |       |       |    48 |       ||    48
       Headbutt          |       |       |    11 |       ||    11
       Punch             |       |       |     1 |       ||     1
 Cast: Confuse           |       |       |     7 |       ||     7
       Beastly Appendage |       |       |     4 |       ||     4
       Confusing Touch   |       |       |     3 |       ||     3
 Abil: Hop               |     2 |       |     2 |       ||     4
Evoke: Wand              |       |     8 |     3 |     1 ||    12
  Use: Potion            |     2 |       |    15 |       ||    17
 Stab: Sleeping          |     1 |     2 |     7 |       ||    10
       Confused          |     1 |     1 |     6 |       ||     8
       Distracted        |       |     1 |       |       ||     1
       Paralysed         |       |     1 |       |       ||     1
       Invisible         |       |       |     1 |       ||     1
       Petrifying        |       |       |     1 |       ||     1
  Eat: Chunk             |       |     6 |    14 |       ||    20
       Ration            |       |       |     3 |       ||     3
Armor: Leather armour    |    36 |    48 |   107 |       ||   191
       Skin              |       |       |     4 |       ||     4
Dodge: Dodged            |    65 |    92 |   302 |     4 ||   463
Block: Other             |       |       |    42 |       ||    42
       Reflection        |       |       |     2 |       ||     2
